 Dungeon Crawl Stone Soup version 0.18-a0-5-gf1fb587 (webtiles) character file.

49 Raultor the Shooter (level 3, -4/23 HPs)
             Began as a High Elf Arcane Marksman on Oct 31, 2015.
             Slain by a hound (5 damage)
             ... on level 3 of the Dungeon.
             The game lasted 00:08:00 (1841 turns).

Raultor the Shooter (High Elf Arcane Marksman)      Turns: 1841, Time: 00:08:00

Health: -4/23      AC:  3    Str: 10    XL:     3   Next: 51%
Magic:  5/5        EV: 12    Int: 17    God:
Gold:   141        SH:  0    Dex: 15    Spells: 2 memorised, 0 levels left

rFire  . . .     SeeInvis .     b - +0 spear
rCold  . . .     Clarity  .     s - +0 leather armour
rNeg   . . .     SustAt   .     (no shield)
rPois  .         Gourm    .     (no helmet)
rElec  .         Spirit   .     (no cloak)
rCorr  .         Warding  .     (no gloves)
rMut   .         Stasis   .     (no boots)
MR     .....                    (no amulet)
Stlth  +.........               (no ring)
                                (no ring)

@: not resistant to hostile enchantments, very unstealthy
A: no striking features
a: no special abilities


You were on level 3 of the Dungeon.
You were not hungry.

You visited 1 branch of the dungeon, and saw 3 of its levels.

You collected 141 gold pieces.

Inventory:

Hand Weapons
 a - a +0 shortbow
 b - a +0 spear (weapon)
 t - a +0 short sword
Missiles
 m - 34 arrows
Armour
 c - a +0 robe
 s - a +0 leather armour (worn)
Jewellery
 j - an uncursed ring of flight {unknown}
 q - an uncursed ring of wizardry {unknown}
Scrolls
 h - a scroll of fear {unknown}
 i - a scroll of remove curse {unknown}
 n - 3 scrolls of teleportation {unknown}
 o - a scroll of random uselessness {unknown}
 p - 3 scrolls of identify {unknown}
 r - a scroll of enchant armour {unknown}
Potions
 f - a potion of curing
 l - a potion of resistance {unknown}
 u - a potion of ambrosia {unknown}
 v - a potion of agility {unknown}
Books
 d - a book of Debilitation

   Spells                             Type                      Level
   a - Corona                         Hexes                        1
   b - Slow                           Hexes                        2
   c - Gell's Gravitas                Hexes/Translocation          3
   d - Inner Flame                    Hexes/Fire                   3
   e - Cause Fear                     Hexes                        4
   f - Leda's Liquefaction            Hexes/Earth                  4
Comestibles
 e - a bread ration
 g - a beef jerky
 k - 2 fruits


   Skills:
 - Level 1.0 Fighting
 * Level 4.2 Bows
 - Level 2.1 Dodging
 - Level 1.2 Spellcasting
 + Level 3.8 Hexes


You couldn't memorise any spells.
You knew the following spells:

 Your Spells              Type           Power        Failure   Level  Hunger
a - Corona                Hex            ##.....      8%          1    ##.....
b - Gell's Gravitas       Hex/Tloc       #.........   41%         3    ####...


Dungeon Overview and Level Annotations

Branches:
Dungeon (3/15)

Altars:
Qazlal


Message History

You are too injured to fight recklessly!
You are too injured to fight recklessly!
You hit the hound but do no damage.
The hound is moderately wounded.
The hound bites you.
* * * LOW HITPOINT WARNING * * *
The hound barely misses you.
You barely miss the hound.
The hound is moderately wounded.
The hound bites you.
* * * LOW HITPOINT WARNING * * *
The hound barely misses you.
You hit the hound.
The hound is heavily wounded.
The hound bites you.
* * * LOW HITPOINT WARNING * * *
You hit the hound but do no damage.
The hound is heavily wounded.
The hound bites you.
You die...

#(( #.. . #((.# ###
#.# .# #...#..(#
#.##.# ##..(..#.##
#..... ....(....
....
#..#.#.####.#######
#....h(............
#.....@....<.......
#......####.#######
##.....# #.#
##..†#####.#
######........#
#.......#######
#>#####†# #.#
#.####


You could see a hound.

Vanquished Creatures
  A gnoll (D:2)
  An ooze (D:2)
  2 worms
  A giant cockroach (D:3)
  A goblin (D:1)
  2 hobgoblins
  5 jackals (D:3)
  5 bats
  2 giant newts (D:2)
  7 kobolds
  A quokka (D:2)
  4 rats
32 creatures vanquished.

Vanquished Creatures (others)
  5 toadstools (D:1)
5 creatures vanquished.

Grand Total: 37 creatures vanquished

Notes
Turn   | Place    | Note
--------------------------------------------------------------
     0 | D:1      | Raultor the High Elf Arcane Marksman began the quest for the Orb.
     0 | D:1      | Reached XP level 1. HP: 13/13 MP: 3/3
   370 | D:1      | Reached XP level 2. HP: 18/18 MP: 4/4
  1349 | D:2      | Found a stormy altar of Qazlal.
  1364 | D:2      | Reached XP level 3. HP: 23/23 MP: 3/5
  1369 | D:2      | Learned a level 3 spell: Gell's Gravitas
  1408 | D:2      | Reached skill level 4 in Bows
  1462 | D:2      | HP: 1/23 [bat (1)]
  1840 | D:3      | HP: 1/23 [hound (1)]
  1841 | D:3      | Slain by a hound

Vault maps used:
D:1:      ldierk_walled_garden, minmay_quantized
D:2:      lemuel_crystal_altar, first_bread, corexii_item_surrounded_by_moat

Action                   || total
-------------------------++-------
Melee: Short sword       ||    18
       Spear             ||    10
 Fire: Shortbow          ||    95
 Cast: Corona            ||     2
       Gell's Gravitas   ||     1
  Use: Potion            ||     1
  Eat: Chunk             ||     1
       Fruit             ||     2
